 Dungeon Crawl Stone Soup version 0.27-a0-1365-ge71e8f7681 (webtiles) character file.

Game seed: 15768409759452064773

24 Nattfarinn the Stinger (level 2, 0/15 HPs)
             Began as a Deep Elf Venom Mage on June 28, 2021.
             Slain by an adder (4 damage)
             ... on level 2 of the Dungeon.
             The game lasted 00:01:24 (1759 turns).

Nattfarinn the Stinger (Deep Elf Venom Mage)        Turns: 1759, Time: 00:01:24

Health: 0/15       AC:  3    Str:  5    XL:     2   Next: 79%
Magic:  1/8        EV: 12    Int: 19    God:
Gold:   82         SH:  0    Dex: 15    Spells: 4/7 levels left

rFire    . . .     SeeInvis .   (no weapon)
rCold    . . .     Faith    .   (no shield)
rNeg     . . .     Spirit   .   a - +0 robe
rPois    .         Reflect  .   e - +0 helmet
rElec    .         Harm     .   (no cloak)
rCorr    .         Rampage  .   (no gloves)
Will     .....                  (no boots)
Stlth    ++........             (no amulet)
HPRegen  0.05/turn              (no ring)
MPRegen  0.11/turn              (no ring)

@: lethally poisoned (0 -> -2)
A: no striking features
a: no special abilities


You were on level 2 of the Dungeon.
You visited 1 branch of the dungeon, and saw 2 of its levels.

You collected 82 gold pieces.

Inventory:

Armour
 a - a +0 robe (worn)
 e - a +0 helmet (worn)
Scrolls
 b - 2 scrolls of identify {unknown}
 d - a scroll of immolation {unknown}
Potions
 c - a potion of curing {unknown}
 f - a potion of cancellation {unknown}


   Skills:
 - Level 2.4 Dodging
 - Level 2.4 Stealth
 + Level 3.4 Spellcasting
 + Level 1.7 Transmutations
 * Level 4.0 Poison Magic


You had 4 spell levels left.
You knew the following spells:

 Your Spells              Type           Power      Damage    Failure   Level
a - Sting                 Tmut/Pois      56%        1d5       4%          1
b - Poisonous Vapours     Pois/Air       20%        N/A       10%         2

Your spell library contained the following spells:

 Spells                   Type           Power      Damage    Failure   Level
 Ignite Poison            Fire/Tmut/Pois 10%        N/A       21%         3
 Mephitic Cloud           Conj/Pois/Air  8%         N/A       26%         3
 Olgreb's Toxic Radiance  Pois           18%        N/A       28%         4


Dungeon Overview and Level Annotations

Branches:
Dungeon (2/15)

Altars:


Message History

A dart slug is nearby!
No target in view!
You can't see any susceptible monsters within range! (Use Z to cast anyway.) No target in view!
A frilled lizard, 2 adders and an endoplasm come into view.
The adder hisses angrily. x2; You hear an angry hiss. x2
An adder comes into view.
The frilled lizard hisses angrily.
Found a glowing mace.
The dart slug launches a dart at you. The slug dart misses you.
The dart slug launches a dart at you. The slug dart misses you.
Memorise Poisonous Vapours, consuming 2 spell levels and leaving 4?
You start memorising the spell.
You continue memorising. x2
You finish memorising.
Spell assigned to 'b'.
The sting hits the dart slug.
The dart slug is poisoned.
The dart slug is moderately wounded.
The sting hits the dart slug.
The dart slug looks even sicker.
The dart slug is almost dead.
You kill the dart slug!
Your Poison Magic skill increases to level 4!
The sting hits the frilled lizard.
The frilled lizard is poisoned.
The frilled lizard is heavily wounded.
The sting hits the frilled lizard.
The frilled lizard looks even sicker.
You kill the frilled lizard!
The sting misses the adder.
The sting misses the adder.
The adder closely misses you. The adder misses you.
The sting misses the adder.
The adder misses you.
The sting misses the adder.
The adder bites you.
You are too depleted to draw on your mana recklessly!
You are too depleted to draw on your mana recklessly!
The adder barely misses you. The adder bites you. The adder bites you.
The adder misses you. The adder bites you.
You are poisoned.
The adder poisons you!
You feel sick.
You feel sick. The adder bites you.
You die...

#.# ###### #.# #....#########.#
#################...............
........†.....S@................
.#####.#.####..S.....#...........
.........# #.##.###.#...........
...###..# #.##.# #.#######.....
## #..# #†##.# #.# #.####
#.....<.##.# #.# #.# #
Sw..####.##.# #.# #.# # S.S##..
.....# #.# #.# # #.J# #... .....#
#.# #.# #


You could see 2 adders.

Vanquished Creatures
  A worm (D:2)
  A dart slug (D:2)
  5 endoplasms
  A giant cockroach (D:2)
  A hobgoblin (D:2)
  A quokka (D:2)
  2 bats
  3 frilled lizards
  5 rats
20 creatures vanquished.

Notes
Turn   | Place    | Note
-------+----------+-------------------------------------------
     0 | D:1      | Nattfarinn the Deep Elf Venom Mage began the quest for the
                  | Orb.
     0 | D:1      | Reached XP level 1. HP: 10/10 MP: 6/6
    64 | D:1      | Found a faded altar of an unknown god.
  1130 | D:1      | Reached XP level 2. HP: 15/15 MP: 5/8
  1747 | D:2      | Learned a level 2 spell: Poisonous Vapours
  1749 | D:2      | Reached skill level 4 in Poison Magic
  1759 | D:2      | Slain by an adder

Illustrated notes

Levels and vault maps discovered:
D:1:      dpeg_arrival_boxorama, layout_loops_corners, serial_rivers,
          chequers_serial_rivers_room_b, chequers_serial_rivers_room_a,
          chequers_serial_rivers_micro_a, chequers_serial_rivers_large_b,
          hellmonk_ecumenical_altar_lost_god
D:2:      layout_basic, minmay_heptomino_o4

Skill      XL: |  1  2 |
---------------+-------+-----
Poison Magic   | 4 |  4.0
Dodging        | |  2.4
Stealth        | |  2.4
Spellcasting   | |  3.4
Transmutations | |  1.7

Action                   || total
-------------------------++-------
 Cast: Sting             ||    57
Armor: Robe              ||     1
Dodge: Dodged            ||    16

Table legend: (Time is in decaauts)
 A = Elapsed time spent in this place.
 B = Non-inter-level travel time spent in this place.
 C = Inter-level travel time spent in this place.
 D = Time resting spent in this place.
 E = Time spent auto-exploring this place.
 F = Levels seen in this place.
 G = Mean time per level.
                   A        B        C        D        E       F      G
               +--------+--------+--------+--------+--------+-----+--------+
         Total |   1789 |   1740 |     49 |      0 |   1599 |   2 |  894.5 |
       Dungeon |   1789 |   1740 |     49 |      0 |   1599 |   2 |  894.5 |
               +--------+--------+--------+--------+--------+-----+--------+

Top non-repeatable levels by time:
     D:1: 1224 daAuts
     D:2: 564 daAuts
